 Dungeon Crawl Stone Soup version 0.18.1-48-g4cf74bf (webtiles) character file.

567 Doomgape the Cleaver (level 7, -19/57 HPs)
             Began as a Minotaur Fighter on June 29, 2016.
             Killed from afar by Pikel (26 damage)
             ... with a wand of lightning
             ... on level 7 of the Dungeon.
             The game lasted 00:09:02 (2300 turns).

Doomgape the Cleaver (Minotaur Fighter)             Turns: 2300, Time: 00:09:03

Health: -19/57     AC: 14    Str: 18    XL:     7   Next: 11%
Magic:  8/8        EV:  5    Int:  7    God:
Gold:   159        SH: 10    Dex: 16    Spells: 0 memorised, 6 levels left

rFire  + . .     SeeInvis .     a - +1 war axe
rCold  . . .     Gourm    .     j - +4 chain mail {rF+}
rNeg   . . .     Faith    .     c - +1 shield
rPois  .         Spirit   .     g - +0 hat
rElec  .         Dismiss  .     (no cloak)
rCorr  +         Reflect  .     b - +0 pair of gloves "Pigia" {Regen+ rCorr Str-2 Dex+6} (curse)
SustAt .         Harm     .     (no boots)
MR     .....                    k - amulet of rage
Stlth  ..........               (no ring)
                                (no ring)

@: not resistant to hostile enchantments, extremely unstealthy
A: retaliatory headbutt, horns 2
a: Evoke Berserk Rage


You were on level 7 of the Dungeon.
You were not hungry.

You visited 1 branch of the dungeon, and saw 5 of its levels.

You collected 159 gold pieces.

Inventory:

Hand Weapons
 a - a +1 war axe (weapon)
Armour
 b - the cursed +0 pair of gloves "Pigia" (worn) {Regen+ rCorr Str-2 Dex+6}
   (You found it on level 6 of the Dungeon)

   It affects your strength (-2).
   It affects your dexterity (+6).
   It increases your rate of regeneration.
   It protects you from acid and corrosion.
   It has a curse placed upon it.
 c - a +1 shield (worn)
 g - a +0 hat (worn)
 j - a +4 chain mail of fire resistance (worn)
Jewellery
 k - an amulet of rage (around neck)
Wands
 l - a wand of lightning (0/15)
Scrolls
 h - 5 scrolls of remove curse
 n - a scroll of identify
Potions
 d - a potion of might
 e - a potion of lignification {unknown}
 i - a potion of flight
 o - a potion of haste {unknown}
Books
 t - a book of Maledictions

   Spells                             Type                      Level
   a - Corona                         Hexes                        1
   b - Ensorcelled Hibernation        Hexes/Ice                    2
   c - Confuse                        Hexes                        3
   d - Tukima's Dance                 Hexes                        3
   e - Dazzling Spray                 Conjuration/Hexes            3
Comestibles
 f - 2 bread rations
 p - a slice of pizza
 r - 2 meat rations


   Skills:
 - Level 3.6 Fighting
 - Level 8.3 Axes
 - Level 3.6 Armour
 - Level 3.6 Shields
 + Level 3.0 Evocations


You had 6 spell levels left.
You didn't know any spells.

Dungeon Overview and Level Annotations

Branches:
Dungeon (7/15)
 Temple: D:4-7

Altars:
Gozag
Kikubaaqudgha

Shops:
D:6 [

Annotations:
D:7 Pikel


Innate Abilities, Weirdness & Mutations

You reflexively headbutt those who attack you in melee.
You have a pair of horns on your head.


Message History

Pikel says, "I'm sure they'll be treated well, anyway."
Pikel hits you but does no damage. The slave hits you but does no damage.
You slash Pikel!
Pikel is almost dead.
You hit the slave.
The slave is lightly wounded.
You barely miss the slave. You hit the slave.
The slave is moderately wounded.
You slash the howler monkey zombie!
You block the howler monkey zombie's attack.
The howler monkey zombie bites you. You block the slave's attack.
The slave hits you but does no damage. Pikel hits you but does no damage.
You are electrocuted!
* * * LOW HITPOINT WARNING * * *
The slave hits you but does no damage.
The howler monkey zombie hits you but does no damage.
The howler monkey zombie bites you but does no damage.
You block the slave's attack. The slave hits you but does no damage.
Pikel zaps a wand.
The bolt of lightning hits you!
You die...

+# # .# #. .#
#.######.#
###........#########.
..........##.........
......ppp.'..........
.....pK@..##.#######.
......Z#####.#####
....... #....<#
....... #######
....... .......
...)... .......


You could see Pikel, 4 slaves and a howler monkey zombie.

Vanquished Creatures
  Duvessa (D:6)
  An ogre (D:6)
  A giant frog (D:6)
  Dowan (D:6)
  A quasit (D:6)
  An orc priest (D:6)
  An orc wizard (D:6)
  An iguana (D:6)
  Robin (D:3)
  A howler monkey skeleton (D:6)
  2 adders
  An ooze (D:2)
  5 worms (D:2)
  2 dart slugs
  4 giant geckos
  5 orcs (D:6)
  2 giant cockroaches
  14 goblins
  5 hobgoblins
  9 jackals
  A ball python (D:1)
  7 bats
  5 giant newts
  4 kobolds
  A quokka skeleton (D:7)
  A quokka zombie (D:6)
  3 rats
81 creatures vanquished.

Notes
Turn   | Place    | Note
--------------------------------------------------------------
     0 | D:1      | Doomgape the Minotaur Fighter began the quest for the Orb.
     0 | D:1      | Reached XP level 1. HP: 19/19 MP: 0/0
    60 | D:1      | Reached skill level 3 in Axes
    60 | D:1      | Reached XP level 2. HP: 23/26 MP: 1/1
   412 | D:1      | Reached skill level 4 in Axes
   591 | D:2      | Found an ancient bone altar of Kikubaaqudgha.
   594 | D:2      | Reached XP level 3. HP: 31/31 MP: 2/2
   709 | D:2      | Found an opulent altar of Gozag.
   829 | D:2      | Reached skill level 5 in Axes
   938 | D:2      | Reached XP level 4. HP: 38/39 MP: 3/3
  1395 | D:3      | Noticed Robin
  1407 | D:3      | Killed Robin
  1407 | D:3      | Reached skill level 6 in Axes
  1452 | D:3      | You fall through a shaft for 3 floors!
  1498 | D:6      | Reached XP level 5. HP: 33/45 MP: 4/4
  1538 | D:6      | Noticed Duvessa
  1543 | D:6      | Noticed Dowan
  1544 | D:6      | Killed Duvessa
  1544 | D:6      | Reached skill level 7 in Axes
  1555 | D:6      | Killed Dowan
  1555 | D:6      | Reached XP level 6. HP: 21/51 MP: 5/5
  1670 | D:6      | Reached skill level 8 in Axes
  1906 | D:6      | Found Xaall's Armour Emporium.
  1913 | D:6      | Reached skill level 1 in Evocations
  1915 | D:6      | Reached XP level 7. HP: 57/57 MP: 5/7
  2136 | D:6      | Got a pair of warped gloves
  2148 | D:6      | Identified the cursed +0 pair of gloves "Pigia" {Regen+ rCorr Str-2 Dex+6} (You found it on level 6 of the Dungeon)
  2291 | D:7      | Noticed Pikel
  2300 | D:7      | Killed from afar by Pikel

Skill      XL: |  1  2  3  4  5  6  7 |
---------------+----------------------+-----
Axes           | 3 4 5 6 7 8 |  8.3
Evocations     | 2 3 |  3.0
Fighting       | |  3.6
Armour         | |  3.6
Shields        | |  3.6

Action                   |  1- 3 |  4- 6 |  7- 9 || total
-------------------------+-------+-------+-------++-------
Melee: War axe           |    88 |    60 |    15 ||   163
       Headbutt          |    16 |    11 |     2 ||    29
 Abil: Evoke Berserk Rag |       |     1 |       ||     1
Evoke: Wand              |       |     3 |       ||     3
  Use: Scroll            |       |     9 |     2 ||    11
       Potion            |       |     2 |     1 ||     3
  Eat: Chunk             |       |     3 |     2 ||     5
Armor: Scale mail        |    37 |    19 |       ||    56
       Chain mail        |       |       |    22 ||    22
Dodge: Dodged            |    27 |    13 |     4 ||    44
Block: Shield            |    37 |    31 |    18 ||    86
